 Dungeon Crawl Stone Soup version 0.27-a0-1325-g58a489ad9e (webtiles) character file.

Game seed: 5967913000930263911

4681 karkarkar the Cleaver (level 10, -3/90 HPs)
             Began as a Minotaur Berserker on June 24, 2021.
             Was a Priest of Trog.
             Hit by a large rock thrown by a cyclops (7 damage)
             ... on level 8 of the Dungeon.
             The game lasted 00:23:33 (9644 turns).

karkarkar the Cleaver (Minotaur Berserker)          Turns: 9644, Time: 00:23:34

Health: -3/90      AC: 11    Str: 24 (26) XL:     10   Next: 21%
Magic:  9/9        EV: 11    Int:  7 (8)  God:    Trog [***...]
Gold:   1423       SH:  0    Dex:  9      Spells: 9/9 levels left

rFire    . . .     SeeInvis +   c - +4 flail
rCold    . . .     Faith    .   (no shield)
rNeg     . . .     Spirit   .   i - +1 scale mail
rPois    .         Reflect  .   b - +0 hat "Itovunk" {Will+}
rElec    .         Harm     .   K - +0 cloak
rCorr    .         Rampage  .   (no gloves)
Will     +++..                  (no boots)
Stlth    ..........             (no amulet)
HPRegen  1.25/turn              p - ring of see invisible
MPRegen  0.11/turn              w - ring "Jisheefu" {Fly Int+4}

@: marked, strong-willed, flying, regenerating
A: horns 2, retaliatory headbutt
a: Renounce Religion, Berserk, Trog's Hand


You were on level 8 of the Dungeon.
You worshipped Trog.
Trog was most pleased with you.
You visited 1 branch of the dungeon, and saw 8 of its levels.
You also visited: Ossuary.

You collected 1423 gold pieces.

Inventory:

Hand Weapons
 c - a +4 flail (weapon)
 j - a +0 war axe
 D - a +0 vorpal spear
 I - a +1 morningstar of flaming
Missiles
 e - 2 throwing nets
 y - 8 curare-tipped darts (quivered)
Armour
 b - the +0 hat "Itovunk" (worn) {Will+}
   (You acquired it on level 3 of the Dungeon)

   It increases your willpower.
 i - a +1 scale mail (worn)
 K - a +0 cloak (worn)
Jewellery
 p - a ring of see invisible (left hand)
 u - a ring of resist corrosion
 w - the ring "Jisheefu" (right hand) {Fly Int+4}
   (You found it in an ossuary)

   [ring of flight]

   It affects your intelligence (+4).
   It grants you flight.
 F - a ring of fire
Wands
 m - a wand of charming (5)
 J - a wand of paralysis (10)
Scrolls
 f - a scroll of noise {unknown}
 k - a scroll of fog
 n - a scroll of teleportation
 o - 3 scrolls of amnesia {unknown}
 q - a scroll of enchant armour
 s - a scroll of fear {unknown}
 v - a scroll of vulnerability {unknown}
 x - a scroll of blinking {unknown}
 z - a scroll of magic mapping
 G - a scroll of enchant weapon {unknown}
Potions
 a - 3 potions of mutation
 d - 3 potions of invisibility
 g - 2 potions of flight
 h - 4 potions of might
 l - 3 potions of cancellation
 r - a potion of haste {unknown}
 t - a potion of curing {unknown}
 A - a potion of lignification {unknown}
 B - 2 potions of attraction
 H - a potion of magic {unknown}


   Skills:
 + Level 8.7 Fighting
 + Level 10.7(11.2) Axes
 + Level 2.3(7.2) Maces & Flails
 + Level 5.0(8.5) Polearms
 + Level 1.2 Throwing
 + Level 9.6 Armour
 + Level 5.3 Dodging
 + Level 1.2 Stealth


You had 9 spell levels left.
You didn't know any spells.
Your spell library was empty.

Dungeon Overview and Level Annotations

Branches:
Dungeon (8/15)             Temple (0/1) D:5         Ossuary (visited)
   Lair: D:8-11

Altars:
Gozag
Hepliaklqana
Ru
Uskayaw
Vehumet

Shops:
D:2 (   D:3 :

Annotations:
D:3 1 runed translucent door, kmckee's ghost, amateur HOFi


Innate Abilities, Weirdness & Mutations

You have a pair of horns on your head.
You reflexively headbutt those who attack you in melee.


Message History

* * * LOW HITPOINT WARNING * * *
The hornet zombie hits you.
* * * LOW HITPOINT WARNING * * *
You closely miss the hornet zombie.
The hornet zombie is lightly damaged.
The hornet zombie misses you.
You barely miss the hornet zombie. Your headbutt misses the hornet zombie.
The hornet zombie is lightly damaged.
The hornet zombie closely misses you. You furiously retaliate!
You headbutt the hornet zombie!
The hornet zombie hits you but does no damage.
You sock the hornet zombie! You headbutt the hornet zombie!
The hornet zombie is almost destroyed.
The hornet zombie hits you but does no damage.
You sock the hornet zombie!
You destroy the hornet zombie!
Trog accepts your kill.
You feel your intelligence returning.
Your base Maces & Flails skill increases to level 2!
Your skin crawls.
You feel strong-willed. The salamander barely misses you.
Really fly onto that alarm trap?
Okay, then.
The salamander pulls the alarm!
The alarm trap emits a blaring wail!
A sentinel's mark forms upon you.
The cyclops throws a large rock.
The large rock hits you!!
* * * LOW HITPOINT WARNING * * *
You hear a shout! x2; You hear a croak.
You hear a bellow! x5
The salamander barely misses you.
You hit the salamander but do no damage.
You headbutt the salamander!
The salamander is lightly wounded.
The salamander hits you.
* * * LOW HITPOINT WARNING * * *
You are engulfed in flames!
* * * LOW HITPOINT WARNING * * *
The cyclops throws a large rock.
The large rock hits you!
You die...

#..# #.##### ##'### ###'
....# ##....####....####....
.....##.)C...##......##....
#.......#!......#.......#
###....####....####....##
##...C####....####....####
#.......#.......#.......#.
.....##......##......##.(...
....# ##..N@####....####....
#### #####................
#'#############.. ..
........ ... #####... ....
#### ..... .....#


You could see a salamander and a cyclops.

Vanquished Creatures
  Pikel (D:6)
  Grinder (D:4)
  Sigmund (D:4)
  The ghost of atabob the Grave Robber, an amateur DDNe (D:4)
  Duvessa (D:6)
  A water moccasin (D:8)
  2 hornet zombies
  4 ogres
  3 centaurs
  A lemure (D:6)
  2 phantoms
  5 bullfrogs
  Blork the orc (D:6)
  3 scorpions
  3 water moccasin zombies
  A wyvern zombie (Ossuary)
  2 water moccasin skeletons
  Dowan (D:6)
  3 killer bees (D:7)
  5 wights (D:8)
  2 howler monkeys (D:8)
  5 centaur zombies (Ossuary)
  3 jellies
  2 bullfrog zombies (Ossuary)
  2 hounds
  2 orc priests
  Crazy Yiuf (D:4)
  A bullfrog skeleton (D:5)
  A gnoll shaman (D:7)
  A centaur skeleton (D:7)
  2 iguanas
  7 orc wizards
  14 mummies (Ossuary)
  2 howler monkey zombies (Ossuary)
  12 gnolls
  3 adders
  A white imp (D:6)
  An ufetubus (D:5)
  An adder skeleton (D:4)
  4 dart slugs
  A worm (D:3)
  12 orcs
  A ball python (D:1)
  7 bats
  3 endoplasms
  7 goblins
  7 hobgoblins
  7 jackals
  7 kobolds
  5 quokkas
  2 frilled lizards
  5 rats (D:2)
173 creatures vanquished.

Vanquished Creatures (others)
  2 plants (D:5)
  6 withered plants (Ossuary)
8 creatures vanquished.

Grand Total: 181 creatures vanquished

Notes
Turn   | Place    | Note
-------+----------+-------------------------------------------
     0 | D:1      | karkarkar the Minotaur Berserker began the quest for the
                  | Orb.
     0 | D:1      | Reached XP level 1. HP: 19/19 MP: 0/0
   366 | D:1      | Reached XP level 2. HP: 18/27 MP: 1/1
   588 | D:1      | Reached skill level 4 in Axes
   824 | D:1      | Found a faded altar of an unknown god.
  1409 | D:2      | Reached XP level 3. HP: 26/33 MP: 2/2
  1602 | D:2      | Reached ** piety under Trog
  1876 | D:2      | Found Vafroiki's Antique Weapon Shop.
  2247 | D:3      | Reached XP level 4. HP: 32/41 MP: 3/3
  2603 | D:3      | Found a runed translucent door.
  2606 | D:3      | Reached skill level 5 in Axes
  2617 | D:3      | Noticed kmckee's ghost (amateur HOFi)
  2629 | D:3      | Found Xihossialo's Book Emporium.
  2787 | D:3      | Noticed a +0 hand axe
  2788 | D:3      | Noticed a +0 hand axe
  2790 | D:3      | Found a hide-covered altar of Uskayaw.
  2939 | D:3      | Identified a scroll of acquirement
  2939 | D:3      | Acquired the +0 hat "Itovunk" {Will+}
  3262 | D:4      | Found a sacrificial altar of Ru.
  3326 | D:4      | Noticed Sigmund
  3340 | D:4      | Killed Sigmund
  3341 | D:4      | Reached skill level 5 in Fighting
  3341 | D:4      | Reached skill level 6 in Axes
  3341 | D:4      | Reached XP level 5. HP: 26/48 MP: 4/4
  3341 | D:4      | Reached XP level 6. HP: 30/56 MP: 5/5
  3547 | D:4      | Found an opulent altar of Gozag.
  3818 | D:4      | You fall into a shaft and drop 2 floors!
  3844 | D:6      | Found a sand-covered staircase.
  3849 | Ossuary  | Entered an ossuary
  3868 | Ossuary  | Reached XP level 7. HP: 38/61 MP: 6/6
  3884 | Ossuary  | Reached skill level 7 in Axes
  3976 | Ossuary  | Reached skill level 5 in Armour
  4006 | Ossuary  | Reached *** piety under Trog
  4214 | Ossuary  | Reached skill level 8 in Axes
  4284 | Ossuary  | Reached XP level 8. HP: 45/71 MP: 7/7
  4773 | Ossuary  | Identified the ring "Jisheefu" {Fly Int+4}
  4955 | D:5      | Entered Level 5 of the Dungeon
  5018 | D:5      | Reached skill level 9 in Axes
  5276 | D:4      | Noticed Grinder
  5361 | D:4      | Killed Grinder
  5758 | D:4      | Found a runed translucent door.
  5759 | D:4      | Noticed Crazy Yiuf
  5831 | D:4      | Found a runed translucent door.
  5836 | D:4      | Noticed atabob's ghost (amateur DDNe)
  5849 | D:4      | Killed atabob's ghost
  5850 | D:4      | Reached skill level 10 in Axes
  5850 | D:4      | Reached XP level 9. HP: 74/79 MP: 8/8
  5940 | D:4      | Killed Crazy Yiuf
  6302 | D:5      | Found a staircase to the Ecumenical Temple.
  6310 | D:5      | Found a radiant altar of Vehumet.
  6492 | D:5      | Found a hazy altar of Hepliaklqana.
  6697 | D:6      | Reached skill level 1 in Polearms
  6825 | D:6      | Noticed Duvessa
  6828 | D:6      | Noticed Dowan
  6847 | D:6      | Killed Dowan
  6888 | D:6      | Killed Duvessa
  7149 | D:6      | Noticed Pikel
  7175 | D:6      | Killed Pikel
  7176 | D:6      | Reached skill level 1 in Stealth
  7404 | D:6      | Noticed Blork the orc
  7413 | D:6      | Killed Blork the orc
  7660 | D:6      | Acquired 967 gold pieces
  8026 | D:7      | HP: 3/81 [killer bee (3)]
  9017 | D:7      | Reached XP level 10. HP: 90/90 MP: 9/9
  9182 | D:8      | Reached skill level 5 in Dodging
  9191 | D:8      | Reached skill level 1 in Throwing
  9596 | D:8      | Noticed a cyclops
  9608 | D:8      | Reached skill level 1 in Maces & Flails
  9628 | D:8      | Reached skill level 5 in Polearms
  9629 | D:8      | Noticed a salamander
  9644 | D:8      | HP: 4/90 [salamander (shapeshifter) (8)]
  9644 | D:8      | Hit by a large rock thrown by a cyclops

Illustrated notes

Levels and vault maps discovered:
D:1:      nicolae_arrival_somewhat_less_tricky_arrival, layout_basic,
          chequers_ecumenical_altar_lobes
D:2:      layout_loops_ring, serial_shops, shop_coins
D:3:      layout_basic, dancing_weapons_uskayaw, gammafunk_ghost_grave,
          serial_shops, nicolae_square_shop
D:4:      layout_loops_cross, grunt_temple_overflow_open, gammafunk_ghost_grave,
          small_statue_intersection, uniq_crazy_yiuf_cottage, uniq_sigmund,
          uniq_grinder
D:5:      layout_basic, old_standard_altar, overflow_temple_1_default,
          minmay_temple_entry_gardened_gates
D:6:      layout_rooms, enter_ossuary_2, uniq_pikel, uniq_duvessa,
          uniq_blork_the_orc
D:7:      layout_rooms
D:8:      wad_guarded_room, layout_basic, demons_altar, xom_butterflies,
          uniq_maurice

Skill      XL: |  1  2  3  4  5  6  7  8  9 10 |
---------------+-------------------------------+-----
Axes           | 4 6 8 10 | 10.7
Fighting       | 4 5 6 7 8 |  8.7
Dodging        | 3 4 5 |  5.3
Armour         | 3 4 6 7 9 |  9.6
Polearms       | 4 5 |  5.0
Stealth        | 1 |  1.2
Throwing       | 1 |  1.2
Maces & Flails | 2 |  2.3

Action                   |  1- 3 |  4- 6 |  7- 9 | 10-12 || total
-------------------------+-------+-------+-------+-------++-------
Melee: Hand axe          |    45 |       |       |       ||    45
       Headbutt          |    11 |    15 |    78 |    13 ||   117
       War axe           |    33 |    83 |   152 |       ||   268
       Spear             |       |       |   197 |    27 ||   224
       Flail             |       |       |       |    38 ||    38
Throw: Dart              |       |       |     2 |       ||     2
Invok: Trog's Hand       |       |     2 |     7 |     2 ||    11
       Berserk           |       |     1 |     1 |       ||     2
  Use: Scroll            |     5 |     3 |     7 |       ||    15
       Potion            |       |       |     7 |       ||     7
Armor: Animal skin       |    11 |       |       |       ||    11
       Scale mail        |    19 |    30 |   147 |    38 ||   234
Dodge: Dodged            |    65 |    51 |   178 |    33 ||   327

Table legend: (Time is in decaauts)
 A = Elapsed time spent in this place.
 B = Non-inter-level travel time spent in this place.
 C = Inter-level travel time spent in this place.
 D = Time resting spent in this place.
 E = Time spent auto-exploring this place.
 F = Levels seen in this place.
 G = Mean time per level.
                   A        B        C        D        E       F      G
               +--------+--------+--------+--------+--------+-----+--------+
         Total |   9653 |   9572 |     81 |   1897 |   5706 |   9 | 1072.6 |
       Dungeon |   8550 |   8469 |     81 |   1624 |   5160 |   8 | 1068.8 |
       Ossuary |   1103 |   1103 |      0 |    273 |    546 |   1 | 1103.0 |
               +--------+--------+--------+--------+--------+-----+--------+

Top non-repeatable levels by time:
     D:4: 1573 daAuts
     D:6: 1450 daAuts
     D:1: 1304 daAuts
     D:3: 1112 daAuts
 Ossuary: 1103 daAuts
     D:7: 1075 daAuts
     D:5: 818 daAuts
     D:2: 719 daAuts
     D:8: 495 daAuts
